 Dungeon Crawl Stone Soup version 0.17-a0-1850-g688e747 (webtiles) character file.

425 Gaunah the Conjurer (level 6, -6/40 HPs)
             Began as a High Elf Conjurer on Sept 19, 2015.
             Was an Initiate of Sif Muna.
             Shot with an arrow by a centaur (18 damage)
             ... on level 4 of the Dungeon.
             The game lasted 00:33:11 (4188 turns).

Gaunah the Conjurer (High Elf Conjurer)             Turns: 4188, Time: 00:33:11

Health: -6/40      AC:  4    Str:  9    XL:     6   Next: 64%
Magic:  0/14       EV: 14    Int: 20    God:    Sif Muna [......]
Gold:   256        SH:  0    Dex: 15    Spells: 3 memorised, 6 levels left

rFire  . . .     SeeInvis .     e - +0 dagger
rCold  . . .     Clarity  .     a - +0 robe
rNeg   . . .     SustAt   .     (no shield)
rPois  .         Gourm    .     (no helmet)
rElec  .         Spirit   .     j - +0 cloak
rCorr  .         Warding  .     (no gloves)
rMut   .         Stasis   .     i - +0 pair of boots
MR     .....                    (no amulet)
Stlth  ++........               (no ring)
                                (no ring)

@: not resistant to hostile enchantments, unstealthy
A: no striking features
a: Renounce Religion


You were on level 4 of the Dungeon.
You worshipped Sif Muna.
Sif Muna was noncommittal.
You were not hungry.

You visited 1 branch of the dungeon, and saw 4 of its levels.

You collected 256 gold pieces.

Inventory:

Hand weapons
 e - a +0 dagger (weapon)
Armour
 a - a +0 robe (worn)
 i - a +0 pair of boots (worn)
 j - a +0 cloak (worn)
Magical devices
 p - a wand of flame (13)
Scrolls
 d - a scroll of remove curse
 h - a scroll of recharging
 k - 2 scrolls of identify
 l - a scroll of amnesia {unknown}
 m - a scroll of teleportation
 s - a scroll of random uselessness {unknown}
Potions
 o - a potion of ambrosia
 q - a potion of brilliance
 r - 2 potions of agility
Books
 b - a book of Conjurations

   Spells                             Type                      Level
   a - Magic Dart                     Conjuration                  1
   b - Searing Ray                    Conjuration                  2
   c - Dazzling Spray                 Conjuration/Hexes            3
   d - Fulminant Prism                Conjuration/Hexes            4
   e - Iskenderun's Mystic Blast      Conjuration                  4
   f - Iskenderun's Battlesphere      Conjuration/Charms           5
Comestibles
 c - 2 bread rations
 f - 3 meat rations
 g - a slice of pizza


   Skills:
 - Level 2.3 Fighting
 + Level 4.1 Dodging
 - Level 2.1 Stealth
 + Level 5.0 Spellcasting
 - Level 6.0 Conjurations


You had 6 spell levels left.
You knew the following spells:

 Your Spells              Type           Power        Failure   Level  Hunger
a - Magic Dart            Conj           ####         1%          1    None
b - Iskenderun's Mystic   Conj           ####....     12%         4    ####...
c - Fulminant Prism       Conj/Hex       ###.......   38%         4    ####...


Dungeon Overview and Level Annotations

Branches:
Dungeon (4/15)
 Temple: D:4-7

Altars:
Sif Muna

Shops:
D:4 :

Annotations:
D:3 Grinder


Message History

Aiming: Magic Dart
Press: ? - help, Shift-Dir - straight line, f/p - centaur
Aim: a centaur, wielding a shortbow (severely wounded)
The magic dart hits the centaur.
The centaur is severely wounded.
The centaur shoots an arrow.
The arrow hits you!
* * * LOW HITPOINT WARNING * * *
Evoke which item? (* to show all) (? for menu, Esc to quit)
Zapping:
p - a wand of flame {zapped: 11} (will waste charges)
Press: ? - help, Shift-Dir - straight line, f/p - centaur
Aim: a centaur, wielding a shortbow (severely wounded)
The puff of flame hits the centaur.
The centaur is almost dead.
Evoking this partially-identified wand wasted a few charges.
The centaur shoots an arrow.
The arrow hits you.
* * * LOW HITPOINT WARNING * * *
Drink which item? (? for menu, Esc to quit)
You feel better.
The centaur shoots an arrow.
The arrow closely misses you.
The centaur shoots an arrow.
The arrow hits you!!
You die...

...#.......<...........
.#......................
.'......................
#.....###..............
#....................##
#.....########.......##
.#............'.........
.........######....#....
.>.).c.@(#.........#....
........(#########.#....
......#### #.#....
...... #+#+# #.#....
..... +...+ #.#....
..).. #...###...... ....
+...'.#...... ....
#+#'#.#....#.
#∩#.#......


You could see a centaur.

Vanquished Creatures
  An elf zombie (D:4)
  A hound (D:4)
  2 orc wizards
  A worker ant (D:4)
  An iguana (D:4)
  10 adders
  A gnoll (D:1)
  An ooze (D:1)
  4 worms
  3 giant geckos
  15 orcs
  A ball python (D:3)
  3 giant cockroaches
  8 hobgoblins
  6 jackals
  3 quokkas (D:3)
  3 bats
  7 giant newts
  10 goblins
  7 kobolds
  An orc zombie (D:4)
  5 rats
94 creatures vanquished.

Notes
Turn   | Place    | Note
--------------------------------------------------------------
     0 | D:1      | Gaunah the High Elf Conjurer began the quest for the Orb.
     0 | D:1      | Reached XP level 1. HP: 11/11 MP: 4/4
   369 | D:1      | Reached XP level 2. HP: 6/17 MP: 0/6
   716 | D:1      | Reached skill level 5 in Conjurations
  1020 | D:1      | Reached XP level 3. HP: 21/21 MP: 5/8
  1584 | D:2      | Reached XP level 4. HP: 21/27 MP: 0/10
  1963 | D:2      | Found a deep blue altar of Sif Muna.
  1966 | D:2      | Became a worshipper of Sif Muna the Loreminder
  2866 | D:3      | Reached XP level 5. HP: 31/31 MP: 10/12
  2881 | D:3      | Noticed Grinder
  2904 | D:3      | Paralysed by Grinder for 2 turns
  2908 | D:3      | Paralysed by Grinder for 6 turns
  3202 | D:3      | Reached skill level 6 in Conjurations
  3318 | D:3      | Reached skill level 1 in Fighting
  3707 | D:4      | Found a sand-covered staircase.
  3772 | D:4      | Reached XP level 6. HP: 11/39 MP: 0/13
  3888 | D:4      | Learned a level 4 spell: Iskenderun's Mystic Blast
  3893 | D:4      | Learned a level 4 spell: Fulminant Prism
  3983 | D:4      | Found Cuqoshuo's Book Shoppe.
  4178 | D:4      | Reached skill level 5 in Spellcasting
  4188 | D:4      | Shot with an arrow by a centaur

Vault maps used:
D:1:      zaba_arrival_water
D:2:      lemuel_blue_sif_altar, minmay_misc_feat_alley
D:3:      eino_tiny_chamber, minmay_misc_feat_square, uniq_grinder
D:4:      kennysheep_little_box, serial_shops,
          nicolae_shop_temple_entry_statues_fountains,
          nicolae_ossuary_entry_catacombs, serial_park_tiny_1,
          uniq_blork_the_orc

Action                   |  1- 3 |  4- 6 || total
-------------------------+-------+-------++-------
Melee: Dagger            |    24 |     7 ||    31
 Cast: Magic Dart        |    72 |   219 ||   291
Evoke: Wand              |       |     6 ||     6
  Use: Potion            |     1 |     5 ||     6
       Scroll            |       |     8 ||     8
 Stab: Sleeping          |       |     1 ||     1
  Eat: Chunk             |     1 |     4 ||     5
       Bread ration      |       |     1 ||     1
